 Dungeon Crawl Stone Soup version 0.20-a0-513-g02c11fc (webtiles) character file.

21 AlphabetPasta the Charmwright (level 2, 0/22 HPs)
             Began as a Demonspawn Skald on Jan 23, 2017.
             Slain by a jackal (1 damage)
             ... on level 1 of the Dungeon.
             The game lasted 00:04:19 (445 turns).

AlphabetPasta the Charmwright (Demonspawn Skald)     Turns: 445, Time: 00:04:20

Health: 0/22       AC:  4    Str: 11    XL:     2   Next: 62%
Magic:  5/5        EV: 12    Int: 14    God:
Gold:   14         SH:  0    Dex: 12    Spells: 4/5 levels left

rFire    . . .     SeeInvis .   i - -3 hand axe (curse)
rCold    . . .     Gourm    .   b - +0 leather armour
rNeg     . . .     Faith    .   (no shield)
rPois    .         Spirit   .   (no helmet)
rElec    .         Reflect  .   (no cloak)
rCorr    .         Harm     .   e - +0 pair of gloves
MR       .....                  (no boots)
Stlth    +.........             (no amulet)
Regen    0.1/turn               (no ring)
                                (no ring)

@: no status effects
A: rot immunity
a: no special abilities


You were on level 1 of the Dungeon.
You were not hungry.

You visited 1 branch of the dungeon, and saw 1 of its levels.

You collected 14 gold pieces.

Inventory:

Hand Weapons
 a - a +0 mace
 i - a cursed -3 hand axe (weapon)
Armour
 b - a +0 leather armour (worn)
 e - a +0 pair of gloves (worn)
Scrolls
 g - a scroll of teleportation
Potions
 f - 2 potions of curing {unknown}
Books
 c - a book of Battle

   Spells                             Type                      Level
   a - Infusion                       Charms                       1
   b - Shroud of Golubria             Charms/Translocation         2
   c - Song of Slaying                Charms                       2
   d - Spectral Weapon                Hexes/Charms                 3
   e - Regeneration                   Charms/Necromancy            3
Comestibles
 d - 2 bread rations
 h - 9 chunks of flesh
 j - a royal jelly


   Skills:
 + Level 2.1 Fighting
 * Level 0.1(1.0) Axes
 - Level 1.7(1.8) Maces & Flails
 + Level 0.5 Throwing
 + Level 1.1 Armour
 + Level 2.0 Dodging
 + Level 2.2 Spellcasting
 * Level 2.9 Charms


You had 4 spell levels left.
You knew the following spells:

 Your Spells              Type           Power        Failure   Level  Hunger
a - Infusion              Chrm           #...         12%         1    #......


Dungeon Overview and Level Annotations

Branches:
Dungeon (1/15)

Altars:


Innate Abilities, Weirdness & Mutations

You are immune to rotting.


Message History

* * * LOW HITPOINT WARNING * * *
The jackal barely misses you.
The jackal bites you but does no damage. x2
You closely miss the jackal.
The jackal is lightly wounded.
You hit the jackal. The jackal bites you.
* * * LOW HITPOINT WARNING * * *
The jackal bites you.
* * * LOW HITPOINT WARNING * * *
The jackal misses you. The jackal barely misses you.
You hit the jackal.
The jackal is heavily wounded.
You closely miss the jackal. The jackal barely misses you.
The jackal closely misses you.
You hit the jackal but do no damage.
The jackal is heavily wounded.
You hit the jackal but do no damage. The jackal misses you.
The jackal bites you but does no damage.
The jackal closely misses you. The jackal bites you.
You die...

####.....................##.....)
#.......#...............###.###.#
..##.##.#######....####.# #.# #.#
#.##.##.# #.........# #.###..
#.##....# #...####### #...(.#
.....##.# #...# ###.### #.##.##.#
#...# ##(### #.......# #...#
#..... .....#*** ##@##*****
#..### *##*## #hh.....# #..###
**#.......# #.....
*,.....##.#***#รท####
*********,#.##...,,,,*#.####
*,,,,,,,,,#.#*.##.**,*#.....
*,********#..,,.,,#*,*###### *,,*
#..,,..,**,* **,*
*,**,*****,******


You could see 2 jackals.

Vanquished Creatures
  A dart slug (D:1)
  A leopard gecko (D:1)
  3 goblins (D:1)
  A hobgoblin (D:1)
  A jackal (D:1)
  A ball python (D:1)
  4 bats (D:1)
  A frilled lizard (D:1)
  3 kobolds (D:1)
  A rat (D:1)
17 creatures vanquished.

Notes
Turn   | Place    | Note
-------+----------+-------------------------------------------
     0 | D:1      | AlphabetPasta the Demonspawn Skald began the quest for the Orb.
     0 | D:1      | Reached XP level 1. HP: 16/16 MP: 3/3
    64 | D:1      | Reached skill level 1 in Armour
   170 | D:1      | Gained mutation: You are immune to rotting. [demonic ancestry]
   170 | D:1      | Reached XP level 2. HP: 19/22 MP: 5/5
   443 | D:1      | HP: 1/22 [jackal (2)]
   445 | D:1      | Slain by a jackal

Vault maps used:
D:1:      nicolae_arrival_washed_ashore, minmay_tripent

Skill      XL: |  1  2 |
---------------+-------+-----
Armour         | 1 |  1.1
Dodging        | 2 |  2.0
Fighting       | |  2.1
Axes           | |  0.1
Maces & Flails | |  1.7
Throwing       | |  0.5
Spellcasting   | |  2.2
Charms         | |  2.9

Action                   || total
-------------------------++-------
Melee: Mace              ||    16
       Hand axe          ||    68
  Use: Scroll            ||     2
 Stab: Sleeping          ||     1
Armor: Leather armour    ||    34
Dodge: Dodged            ||    66
